 Dungeon Crawl Stone Soup version 0.29-a0-72-g1732ff48e7 (webtiles) character file.

Game seed: 4364327665628472467

2454 avis the Grappler (level 9, -3/88 HPs)
             Began as a Hill Orc Transmuter on Feb 3, 2022.
             Slain by a gnoll sergeant (12 damage)
             ... in a bailey on Feb 4, 2022.
             The game lasted 00:54:24 (12689 turns).

avis the Grappler (Hill Orc Transmuter)            Turns: 12689, Time: 00:54:24

Health: -3/88      AC:  6    Str: 13    XL:     9   Next: 50%
Magic:  20/24      EV: 10    Int: 17    God:
Gold:   470        SH:  0    Dex: 11    Spells: 6/16 levels left

rFire   x . .      SeeInvis .     - Unarmed
rCold   + + +      Faith    .   (shield currently unavailable)
rNeg    . . .      Spirit   .   (armour currently unavailable)
rPois   +          Reflect  .   (helmet currently unavailable)
rElec   .          Harm     .   (cloak currently unavailable)
rCorr   .          Rampage  .   (gloves currently unavailable)
Will    .....                   (boots currently unavailable)
Stlth   +.........              (no amulet)
HPRegen 0.24/turn               N - ring of flight
MPRegen 0.19/turn               O - ring of magical power

@: ice-form, flying
A: freezing attack, amphibious, boosted hp, large
a: End Transformation


You were in a bailey.
You were a creature of crystalline ice.
You visited 2 branches of the dungeon, and saw 9 of its levels.
You also visited: Bailey.

You collected 470 gold pieces.

Inventory:

Hand Weapons
 a - a +0 halberd
 g - a +2 dagger of flaming
 h - a +0 spear
 m - a +1 short sword of holy wrath
 t - a +0 spear
 w - a +0 dagger of holy wrath
 A - a +2 shortbow of flaming
 C - a +0 antimagic halberd
 D - a +0 spear
 E - a +0 spear
 F - a +0 spear
 G - a +0 halberd
 I - a +0 halberd
 J - a +0 spear
 L - a +0 trident
 M - a +0 glaive
Missiles
 c - 4 curare-tipped darts
 d - 129 stones
 j - 44 sling bullets
 k - 3 boomerangs
 r - 14 poisoned darts
 B - 108 arrows
 K - 24 bolts
Armour
 i - the +3 Mad Mage's Maulers (melded) {Infuse+∞ RegenMP Int-3}
   (You acquired it on level 8 of the Dungeon)

   It empowers its wearer's blows with all of their magic.
   It causes its wearer's magical reserves to regenerate more quickly.
   Int:       It affects your intelligence (-3).
 l - a +0 chain mail
 n - the +0 robe "Niradamo" (melded) {rElec rN+ Slay+2}
   (You found it on level 2 of the Dungeon)

   Slay:      It affects your accuracy & damage with ranged weapons and melee
   (+2).
   rElec:     It insulates you from electricity.
   rN:        It protects you from negative energy.
 p - a +1 pair of boots (melded)
 P - a +0 robe of the Archmagi
 T - a +0 chain mail
Magical Staves
 b - a staff of earth
Jewellery
 N - a ring of flight (left front paw)
 O - a ring of magical power (right front paw)
Wands
 e - a wand of paralysis (9)
 z - a wand of charming (9)
 Q - a wand of iceblast (3)
Scrolls
 f - a scroll of fog
 q - 5 scrolls of teleportation
 y - a scroll of amnesia
 R - a scroll of fear
 U - a scroll of blinking
Potions
 o - a potion of curing {unknown}
 s - a potion of flight {unknown}
 u - a potion of resistance {unknown}
 v - a potion of haste {unknown}
 S - a potion of mutation {unknown}


   Skills:
 - Level 5.0 Fighting
 - Level 3.0 Dodging
 * Level 8.7 Unarmed Combat
 - Level 4.0 Spellcasting
 - Level 4.0 Transmutations
 - Level 4.0 Ice Magic
 - Level 2.0 Poison Magic


You had 6 spell levels left.
You knew the following spells:

 Your Spells              Type           Power      Damage    Failure   Level
a - Beastly Appendage     Tmut           34%        N/A       3%          1
c - Passwall              Tmut/Erth      8%         N/A       11%         2
p - Spider Form           Tmut/Pois      13%        N/A       14%         3
q - Ice Form              Ice/Tmut       17%        N/A       30%         4

Your spell library contained the following spells:

 Spells                   Type           Power      Damage    Failure   Level
 Wereblood                Tmut           17%        N/A       4%          2
 Sandblast                Erth           6%         2d5       16%         1
 Summon Small Mammal      Summ           12%        N/A       16%         1
 Ignite Poison            Fire/Tmut/Pois 10%        N/A       21%         3
 Mephitic Cloud           Conj/Pois/Air  5%         N/A       36%         3
 Call Canine Familiar     Summ           3%         N/A       43%         3
 Conjure Flame            Conj/Fire      3%         6-21      43%         3
 Dazzling Flash           Conj/Hex       6%         N/A       43%         3
 Stone Arrow              Conj/Erth      6%         3d7       43%         3
 Summon Guardian Golem    Hex/Summ       3%         N/A       43%         3
 Iskenderun's Mystic Bla  Conj/Tloc      3%         2d3       83%         4
 Sticky Flame             Conj/Fire      3%         2d3       83%         4
 Freezing Cloud           Conj/Ice/Air   3%         6-21      95%         5
 Starburst                Conj/Fire      1%         6d3       100%        6


Dungeon Overview and Level Annotations

Branches:
Dungeon (8/15)             Temple (1/1) D:4          Bailey (1/1)
   Lair: D:8-11

Altars:
Ashenzari
Cheibriados
Dithmenos
Elyvilon
Fedhas
Gozag
Hepliaklqana
Kikubaaqudgha
Makhleb
Nemelex Xobeh
Okawaru
Qazlal
Ru
Sif Muna
Trog
Uskayaw
Vehumet
Wu Jian
Yredelemnul
The Shining One

Annotations:
D:6 3 runed translucent doors, enile's ghost, novice OpWn Bailey Grum


Message History

The gnoll seems to speed up.
The gnoll sergeant hits you from afar with a +0 halberd.
You hit the gnoll shaman but do no damage.
You hit the gnoll shaman but do no damage.
The gnoll sergeant hits you from afar with a +0 halberd!
The gnoll shaman hits you with a +0 trident!
* * * LOW HITPOINT WARNING * * *
You are no longer glowing.
You start resting.
A gnoll comes into view. It is wielding a +3 trident.
Your transformation is almost over.
You start resting.
You warm up again.
The +3 Mad Mage's Maulers {Infuse+∞ RegenMP Int-3} unmelds from your body.
Your +1 pair of boots unmelds from your body.
The +0 robe "Niradamo" {rElec rN+ Slay+2} unmelds from your body.
You feel an incredible surge of magic.
You start resting.
A gnoll sergeant comes into view. It is wielding a +0 glaive.
The gnoll sergeant shouts!
You hear an angry growl.
You start resting.
Grum the Hunter comes into view.
He is wielding a -2 spear.
You start resting.
A gnoll is nearby!
Casting: Ice Form (dangerous; 36% risk of failure)
Confirm with . or Enter, or press ? or * to list all spells.
You turn into a creature of crystalline ice.
The +3 Mad Mage's Maulers {Infuse+∞ RegenMP Int-3} melds into your body.
Your +1 pair of boots melds into your body.
The +0 robe "Niradamo" {rElec rN+ Slay+2} melds into your body.
The surge of magic dissipates.
The gnoll sergeant closely misses you.
The gnoll sergeant hits you with a +0 glaive!
* * * LOW HITPOINT WARNING * * *
You completely miss the gnoll sergeant.
Grum sniffs the air and quickly glances around.
Grum hits you from afar with a -2 spear!
* * * LOW HITPOINT WARNING * * *
The gnoll sergeant barely misses you.
The gnoll sergeant hits you from afar with a +0 glaive!
You die...

#≈♣ #≈♣ #≈♣ #≈♣
#≈♣ #≈♣ #≈♣ # ##≈♣
# #.Y♣
######+++######.≈♣
.........g....g.≈♣
..............g≈≈♣
≈≈≈≈≈≈...≈≈≈≈≈≈≈♣♣
.........[....g♣♣
♣♣...........♣♣♣
♣♣.......♣♣♣♣
♣♣♣♣.∩.♣♣


You could see Grum, a gnoll sergeant and a gnoll.

Vanquished Creatures
  A hornet zombie (D:6)
  An orc warrior (D:8)
  2 ice beasts
  A black bear (D:6)
  3 centaurs
  4 ogres
  A kobold brigand (D:5)
  A bullfrog (D:7)
  A gnoll sergeant (Bailey)
  A scorpion (D:5)
  A water moccasin zombie (D:6)
  A wyvern skeleton (D:7)
  2 water moccasin skeletons (D:6)
  A howler monkey (D:5)
  A bullfrog zombie (D:6)
  A centaur zombie (D:6)
  2 jellies
  5 hounds
  2 gnoll shamans
  2 centaur skeletons (D:6)
  5 iguanas
  A bullfrog skeleton (D:6)
  2 orc wizards
  A howler monkey zombie (D:6)
  A howler monkey skeleton (D:5)
  14 gnolls
  5 adders
  A white imp (D:7)
  An adder zombie (D:5)
  3 worms (D:3)
  3 dart slugs
  21 orcs
  6 ball pythons
  5 bats
  8 endoplasms
  5 giant cockroaches
  3 goblins
  6 hobgoblins
  6 jackals
  4 quokkas
  3 frilled lizards
  9 kobolds
  3 rats
150 creatures vanquished.

Vanquished Creatures (others)
  A giant cockroach (D:4)
  2 withered plants (D:6)
3 creatures vanquished.

Grand Total: 153 creatures vanquished

Notes
Turn   | Place    | Note
-------+----------+-------------------------------------------
     0 | D:1      | avis the Hill Orc Transmuter began the quest for the Orb.
     0 | D:1      | Reached XP level 1. HP: 16/16 MP: 3/3
   392 | D:1      | Reached XP level 2. HP: 22/25 MP: 2/4
  1379 | D:2      | Reached XP level 3. HP: 31/31 MP: 3/5
  1559 | D:2      | Identified the +0 robe "Niradamo" {rElec rN+ Slay+2}
  1697 | D:2      | Reached skill level 4 in Unarmed Combat
  1710 | D:2      | Learned a level 3 spell: Spider Form
  1854 | D:2      | Found a faded altar of an unknown god.
  2375 | D:2      | Reached XP level 4. HP: 38/38 MP: 4/6
  2791 | D:3      | Found a sparkling altar of Nemelex Xobeh.
  3017 | D:3      | Found a shadowy altar of Dithmenos.
  3152 | D:3      | You fall into a shaft and drop 1 floor!
  3154 | D:4      | Found a bloodstained altar of Trog.
  3370 | D:3      | Reached skill level 5 in Unarmed Combat
  4060 | D:3      | Learned a level 2 spell: Passwall
  4209 | D:4      | Found a staircase to the Ecumenical Temple.
  4226 | Temple   | Entered the Ecumenical Temple
  4353 | D:4      | Reached skill level 1 in Poison Magic
  4353 | D:4      | Reached XP level 5. HP: 31/45 MP: 5/7
  4561 | D:4      | Found an ancient bone altar of Kikubaaqudgha.
  4708 | D:4      | Found a white marble altar of Elyvilon.
  4800 | D:4      | Noticed an ogre
  4824 | D:4      | Killed an ogre
  4825 | D:4      | Reached XP level 6. HP: 13/52 MP: 3/9
  5323 | D:4      | Found an iron altar of Okawaru.
  5354 | D:4      | Found a glowing golden altar of the Shining One.
  5417 | D:5      | Entered Level 5 of the Dungeon
  5891 | D:5      | Learned a level 1 spell: Sandblast
  5966 | D:5      | Reached skill level 6 in Unarmed Combat
  5988 | D:5      | Reached XP level 7. HP: 14/59 MP: 3/10
  6451 | D:5      | Reached skill level 7 in Unarmed Combat
  6480 | D:5      | Learned a level 4 spell: Ice Form
  6619 | D:5      | Found a blossoming altar of Fedhas.
  6778 | D:6      | Found a stormy altar of Qazlal.
  6859 | D:6      | Reached XP level 8. HP: 36/67 MP: 9/12
  7051 | D:6      | Found a runed translucent gate.
  7055 | D:6      | Found a runed translucent gate.
  7055 | D:6      | Found a runed translucent gate.
  7065 | D:6      | Reached skill level 5 in Fighting
  7070 | D:6      | Noticed enile's ghost (novice OpWn)
  7131 | D:6      | Found a sacrificial altar of Ru.
  7190 | D:6      | Reached skill level 1 in Ice Magic
  7504 | D:5      | HP: 3/68 [ice beast (9)]
  9686 | D:5      | Reached XP level 9. HP: 74/74 MP: 11/15
 12037 | D:8      | Identified a scroll of acquirement
 12037 | D:8      | Acquired the +3 Mad Mage's Maulers {Infuse+∞ RegenMP Int-3}
 12037 | D:8      | Found the +3 Mad Mage's Maulers {Infuse+∞ RegenMP Int-3}
 12086 | D:8      | Reached skill level 8 in Unarmed Combat
 12095 | D:8      | Found a flagged portal.
 12105 | Bailey   | Entered a bailey
 12343 | Bailey   | Upgraded the game from 0.29-a0-43-g62a80824bf to
                  | 0.29-a0-72-g1732ff48e7
 12679 | Bailey   | Noticed Grum
 12689 | Bailey   | Slain by a gnoll sergeant

Illustrated notes

Levels and vault maps discovered:
D:1:      wander_arrival_chamber, layout_basic
D:2:      layout_basic, hellmonk_ecumenical_altar_run_dry, minmay_pentomino_q4
D:3:      layout_basic, nicolae_dithmenos_the_darkroom, lemuel_tele_altar,
          guppyfry_early_lair_pool
D:4:      layout_cave_pools, trog_three_pillars_becter, elyvilon_altar_4,
          tso_altar, amcnicky_altar_gilded, okawaru_altar_gauntlet_db,
          minmay_temple_entry_offerings, chequers_serial_rivers_room_a,
          kennysheep_doodads
D:5:      layout_rooms, fedhas_altar_4
D:6:      layout_loops_ring, lemuel_round_altar,
          mainiacjoe_overflow_surrounded_room, ebering_ghost_rock_garden,
          serial_undead, serial_undead_d, serial_undead_d, serial_undead_b,
          serial_undead_f
D:7:      layout_gridville, minmay_stone_trees_small
D:8:      minmay_bloctagon_deflated, layout_layer_cave, enter_bailey_6,
          chequers_serial_rivers_micro_e
Temple:   zaba_magenta_temple
Bailey:   bailey_polearm_gnolls_kennysheep, bailey

Skill      XL: |  1  2  3  4  5  6  7  8  9 |
---------------+----------------------------+-----
Fighting       | 2 3 4 5 |  5.0
Unarmed Combat | 4 5 6 7 8 |  8.7
Dodging        | 2 3 |  3.0
Poison Magic   | 1 2 |  2.0
Transmutations | 2 3 4 |  4.0
Spellcasting   | 2 3 4 |  4.0
Ice Magic      | 3 4 |  4.0

Action                   |  1- 3 |  4- 6 |  7- 9 || total
-------------------------+-------+-------+-------++-------
Melee: Unarmed           |    62 |   159 |   223 ||   444
       Kick              |    12 |    31 |     2 ||    45
       Headbutt          |     5 |    19 |     2 ||    26
       Punch             |       |     5 |     1 ||     6
 Cast: Beastly Appendage |    27 |    43 |     5 ||    75
       Spider Form       |       |     9 |    30 ||    39
       Sandblast         |       |     6 |     2 ||     8
       Ice Form          |       |       |    20 ||    20
  Use: Scroll            |       |     6 |     7 ||    13
       Potion            |       |       |     2 ||     2
 Stab: Sleeping          |       |     1 |       ||     1
Armor: Robe              |     6 |    13 |    28 ||    47
       Skin              |       |     1 |    71 ||    72
Dodge: Dodged            |    28 |    94 |   420 ||   542

Table legend: (Time is in decaauts)
 A = Elapsed time spent in this place.
 B = Non-inter-level travel time spent in this place.
 C = Inter-level travel time spent in this place.
 D = Time resting spent in this place.
 E = Time spent auto-exploring this place.
 F = Levels seen in this place.
 G = Mean time per level.
                   A        B        C        D        E       F      G
               +--------+--------+--------+--------+--------+-----+--------+
         Total |  12683 |  11618 |   1065 |   4885 |   4414 |  10 | 1268.3 |
       Dungeon |  11996 |  10962 |   1034 |   4495 |   4375 |   8 | 1499.5 |
        Temple |    107 |     76 |     31 |      0 |     39 |   1 |  107.0 |
        Bailey |    578 |    578 |      0 |    390 |      0 |   1 |  578.0 |
               +--------+--------+--------+--------+--------+-----+--------+

Top non-repeatable levels by time:
     D:5: 3227 daAuts
     D:4: 1803 daAuts
     D:6: 1608 daAuts
     D:3: 1607 daAuts
     D:2: 1409 daAuts
     D:1: 1403 daAuts
     D:7: 876 daAuts
  Bailey: 578 daAuts
  Temple: 107 daAuts
     D:8: 60 daAuts
